 Dungeon Crawl Stone Soup version 0.29-a0-565-g7a16c6de65 (webtiles) character file.

Game seed: 8018414612528370222

14403 Apymp the Unseen (level 11, -3/53 HPs)
             Began as a Spriggan Enchanter on June 12, 2022.
             Was an Elder of Dithmenos.
             Slain by a death knight
             ... wielding a +0 glaive
              (24 damage)
             ... on level 12 of the Dungeon.
             The game lasted 00:27:19 (13876 turns).

Apymp the Unseen (Spriggan Enchanter)              Turns: 13876, Time: 00:27:20

Health: -3/53      AC:  9    Str:  8    XL:     11   Next: 88%
Magic:  19/28      EV: 23    Int: 18    God:    Dithmenos [****..]
Gold:   666        SH:  0    Dex: 23    Spells: 22/34 levels left

rFire   + . .      SeeInvis +   f - +8 dagger "Iqeippom" {vorpal, Dex+4}
rCold   . . .      Faith    .   (no shield)
rNeg    . . .      Spirit   .   x - +2 steam dragon scales
rPois   .          Reflect  .   (helmet restricted)
rElec   +          Harm     .   o - +1 cloak
rCorr   +          Rampage  .   (gloves unavailable)
Will    +....                   (boots unavailable)
Stlth   ++++++++++              (no amulet)
HPRegen 0.17/turn               l - ring "Xafiuch" {+Blink rElec rF+ rCorr Dex+6}
MPRegen 0.21/turn               v - ring of resist corrosion

@: wreathed by umbra, very quick
A: very small, no large weapons, unfitting armour, see invisible, speed 3,
clumsy 1, wild magic 1, sturdy frame 1
a: Renounce Religion, Evoke Blink, Shadow Step


You were on level 12 of the Dungeon.
You worshipped Dithmenos.
Dithmenos was greatly pleased with you.
You visited 2 branches of the dungeon, and saw 13 of its levels.

You collected 666 gold pieces.

Inventory:

Hand Weapons
 a - a +1 dagger of freezing
 f - the +8 dagger "Iqeippom" (weapon) {vorpal, Dex+4}
   (You found it on level 2 of the Dungeon)

   It inflicts extra damage upon your enemies.
   Dex:       It affects your dexterity (+4).
Missiles
 c - 2 throwing nets
 d - 31 poisoned darts (quivered)
 q - 2 atropa-tipped darts
 A - 2 curare-tipped darts
Armour
 o - a +1 cloak (worn)
 x - +2 steam dragon scales (worn)
Jewellery
 l - the ring "Xafiuch" (left hand) {+Blink rElec rF+ rCorr Dex+6}
   (You found it on level 3 of the Dungeon)

   [ring of dexterity]

   Dex:       It affects your dexterity (+6).
   rF:        It protects you from fire.
   rElec:     It insulates you from electricity.
   +Blink:    It lets you blink.
   rCorr:     It protects you from acid and corrosion.
 v - a ring of resist corrosion (right hand)
 C - a +6 ring of intelligence
Wands
 p - a wand of charming (9)
 r - a wand of polymorph (8)
Scrolls
 k - a scroll of brand weapon
 s - 4 scrolls of magic mapping
 t - a scroll of fog
 u - 4 scrolls of amnesia
 B - a scroll of silence
Potions
 b - 3 potions of mutation
 e - a potion of heal wounds
 g - a potion of resistance
 h - 2 potions of might
 i - 3 potions of curing
 j - 2 potions of lignification
 m - 9 potions of haste
 n - 5 potions of flight
 w - 2 potions of brilliance
 z - a potion of cancellation
Miscellaneous
 y - a box of beasts
 D - a phial of floods


   Skills:
 + Level 4.1 Fighting
 + Level 5.5 Short Blades
 + Level 7.1 Dodging
 + Level 15.2 Stealth
 + Level 12.4 Spellcasting
 + Level 12.7 Hexes


You had 22 spell levels left.
You knew the following spells:

 Your Spells              Type           Power      Damage    Failure   Level
a - Ensorcelled Hibernat  Hex/Ice        88%        N/A       1%          2
b - Tukima's Dance        Hex            65%        N/A       1%          3
c - Dazzling Flash        Conj/Hex       88%        N/A       2%          3
d - Confusing Touch       Hex            65%        N/A       1%          3
e - Apportation           Tloc           28%        N/A       10%         1

Your spell library contained the following spells:

 Spells                   Type           Power      Damage    Failure   Level
 Portal Projectile        Hex/Tloc       88%        N/A       2%          3
 Leda's Liquefaction      Hex/Erth       22%        N/A       8%          4
 Magic Dart               Conj           56%        1d5       10%         1
 Call Imp                 Summ           14%        N/A       14%         2
 Sublimation of Blood     Necr           14%        N/A       14%         2
 Call Canine Familiar     Summ           14%        N/A       26%         3
 Gell's Gravitas          Tloc           14%        N/A       26%         3
 Lesser Beckoning         Tloc           14%        N/A       26%         3
 Mephitic Cloud           Conj/Pois/Air  14%        N/A       26%         3
 Teleport Other           Tloc           14%        N/A       26%         3
 Iskenderun's Mystic Bla  Conj/Tloc      14%        2d5       61%         4
 Petrify                  Tmut/Erth      14%        N/A       61%         4
 Alistair's Intoxication  Tmut/Pois      9%         N/A       90%         5
 Irradiate                Conj/Tmut      7%         3d15      90%         5
 Dispersal                Tloc           7%         N/A       100%        6
 Starburst                Conj/Fire      7%         6d4       100%        6


Dungeon Overview and Level Annotations

Branches:
Dungeon (12/15)            Temple (1/1) D:4            Lair (0/6) D:11
    Orc (0/2) D:11

Altars:
Ashenzari
Dithmenos
Elyvilon
Fedhas
Gozag
Hepliaklqana
Kikubaaqudgha
Nemelex Xobeh
Okawaru
Ru
Sif Muna
Uskayaw
Vehumet
Wu Jian
Zin
The Shining One

Shops:
D:6 :


Innate Abilities, Weirdness & Mutations

You are very small and have problems with some larger weapons.
You are too small for most types of armour.
You have supernaturally acute eyesight. (SInv)
You cover ground extremely quickly. (Speed+++)
You are clumsy. (Dex -2)
Your spells are a little harder to cast, but a little more powerful.
Your movements are slightly less encumbered by armour. (ER -2)


Message History

There is a stone staircase leading up, spattered with blood here.
Unknown command.
Unknown command.
The death knight completely misses you.
You climb upwards.
There is a stone staircase leading down here.
You start resting.
You start resting.
HP restored.
Unknown command.
Unknown command.
You climb downwards.
The death knight hits you with a +0 glaive!!
Ouch! That really hurt!
You emit a cloud of dark smoke.
There is a stone staircase leading up, spattered with blood here.
Unknown command.
Unknown command.
Casting: Tukima's Dance (safe; 1% risk of failure)
Confirm with . or Enter, or press ? or * to list all spells.
Aiming: Tukima's Dance (safe; 1% risk of failure)
Press: ? - help, Shift-Dir - straight line, f - death knight
Aim: a death knight, wielding a +0 glaive and wearing a +0 chain mail (black smoke, umbra, chance to affect: 27%)
The death knight easily resists.
The death knight barely misses you.
Unknown command.
Casting: Tukima's Dance (safe; 1% risk of failure)
Confirm with . or Enter, or press ? or * to list all spells.
Aiming: Tukima's Dance (safe; 1% risk of failure)
Press: ? - help, Shift-Dir - straight line, f/p - death knight
Aim: a death knight, wielding a +0 glaive and wearing a +0 chain mail (black smoke, umbra, chance to affect: 27%)
The death knight easily resists.
The death knight completely misses you.
Unknown command.
Casting: Tukima's Dance (safe; 1% risk of failure)
Confirm with . or Enter, or press ? or * to list all spells.
Aiming: Tukima's Dance (safe; 1% risk of failure)
Press: ? - help, Shift-Dir - straight line, f/p - death knight
Aim: a death knight, wielding a +0 glaive and wearing a +0 chain mail (black smoke, umbra, chance to affect: 27%)
The death knight easily resists.
The death knight hits you with a +0 glaive!!
You die...

....## ......
###### ###########
#....§§§...
########....§§§§.p
#@p§......p..§§§.p
########.....p§§..
#.....§§§..
#..........
#..........
#......§.§.
#####...§..
#.....[ #......


You could see a death knight.

Vanquished Creatures
  2 hydras
  A centaur warrior (D:11)
  2 death knights (D:12)
  A two-headed ogre (D:11)
  Urug (D:11)
  2 manticores (D:11)
  2 oklob plants (D:11)
  A gargoyle (D:10)
  A kobold demonologist (D:12)
  A komodo dragon (D:12)
  A freezing wraith (D:12)
  2 trolls
  A wraith (D:12)
  A vampire (D:10)
  A shadow (D:11)
  14 yaks
  A steam dragon (D:8)
  A vampire mosquito (D:8)
  A water moccasin (D:8)
  An ice beast (D:7)
  5 orc warriors
  A black bear (D:6)
  A sky beast (D:7)
  2 ogres (D:6)
  2 centaurs (D:9)
  5 kobold brigands
  A gnoll sergeant (D:7)
  4 bullfrogs
  A necrophage (D:7)
  3 wights (D:8)
  19 killer bees
  7 howler monkeys
  4 orc priests
  5 jellies
  3 hounds
  Crazy Yiuf (D:3)
  3 gnoll shamans
  5 iguanas
  10 orc wizards
  3 adders
  17 gnolls
  4 white imps
  5 dart slugs
  22 orcs
  3 ball pythons
  5 endoplasms
  3 giant cockroaches
  6 goblins
  6 hobgoblins
  14 jackals
  23 kobolds
  4 quokkas
  11 bats
  3 frilled lizards
  6 rats
255 creatures vanquished.

Vanquished Creatures (collateral kills)
  A kobold brigand (D:9)
  2 gnoll sergeants
  A wight (D:8)
  7 gnolls
  A kobold (D:6)
12 creatures vanquished.

Vanquished Creatures (others)
  8 dancing weapons
  An orc wizard (D:10)
  8 plants (D:3)
17 creatures vanquished.

Grand Total: 284 creatures vanquished

Notes
Turn   | Place    | Note
-------+----------+-------------------------------------------
     0 | D:1      | Apymp the Spriggan Enchanter began the quest for the Orb.
     0 | D:1      | Reached XP level 1. HP: 9/9 MP: 5/5
   313 | D:1      | Reached XP level 2. HP: 13/13 MP: 7/7
   316 | D:1      | Learned a level 2 spell: Ensorcelled Hibernation
   542 | D:1      | Reached XP level 3. HP: 9/16 MP: 1/9
   546 | D:1      | Learned a level 3 spell: Tukima's Dance
   550 | D:1      | Learned a level 3 spell: Confusing Touch
  1236 | D:1      | Gained mutation: You are clumsy. (Dex -2) [potion of
                  | mutation]
  1236 | D:1      | Gained mutation: Your spells are a little harder to cast,
                  | but a little more powerful. [potion of mutation]
  1236 | D:1      | Gained mutation: Your movements are slightly less
                  | encumbered by armour. (ER -2) [potion of mutation]
  1368 | D:2      | Identified the +8 dagger "Iqeippom" {vorpal, Dex+4}
  1686 | D:2      | Identified the +10 long sword of Ikinoum {antimagic, Will+
                  | Str+5}
  1946 | D:2      | Found a faded altar of an unknown god.
  2242 | D:3      | Reached XP level 4. HP: 15/21 MP: 11/11
  2267 | D:3      | Reached skill level 5 in Hexes
  2282 | D:3      | Reached XP level 5. HP: 11/24 MP: 9/13
  2456 | D:3      | Reached skill level 5 in Spellcasting
  2494 | D:3      | Identified the ring "Xafiuch" {+Blink rElec rF+ rCorr
                  | Dex+6}
  2641 | D:3      | Found a runed translucent door.
  2642 | D:3      | Noticed Crazy Yiuf
  2656 | D:3      | Killed Crazy Yiuf
  3010 | D:4      | Reached skill level 5 in Stealth
  3162 | D:4      | Reached XP level 6. HP: 28/28 MP: 11/15
  3482 | D:4      | Found a staircase to the Ecumenical Temple.
  3497 | Temple   | Entered the Ecumenical Temple
  3562 | Temple   | Became a worshipper of Dithmenos the Shadowed
  3881 | D:4      | Learned a level 3 spell: Dazzling Flash
  3883 | D:4      | Learned a level 1 spell: Apportation
  3950 | D:4      | Reached skill level 6 in Stealth
  4302 | D:5      | Entered Level 5 of the Dungeon
  4330 | D:5      | Reached XP level 7. HP: 32/32 MP: 17/17
  4874 | D:5      | Reached skill level 7 in Stealth
  5050 | D:5      | Found a blossoming altar of Fedhas.
  5133 | D:5      | Reached * piety under Dithmenos
  5530 | D:6      | Found Sefitoh's Self-Improvement Boutique.
  5581 | D:5      | Reached skill level 8 in Stealth
  5678 | D:6      | Reached XP level 8. HP: 13/36 MP: 16/20
  5702 | D:6      | Reached skill level 9 in Stealth
  6515 | D:7      | Reached skill level 10 in Stealth
  6578 | D:7      | Identified the +9 quarterstaff "Tiafeux" {vorpal, rC+
                  | Dex+7}
  6975 | D:7      | Reached XP level 9. HP: 26/39 MP: 19/22
  7155 | D:7      | Found an ornate altar of the Wu Jian Council.
  7348 | D:7      | Reached ** piety under Dithmenos
  7649 | D:8      | Reached skill level 11 in Stealth
  7857 | D:8      | Found an opulent altar of Gozag.
  7857 | D:8      | Found an ancient bone altar of Kikubaaqudgha.
  7863 | D:8      | Found a shimmering blue altar of Sif Muna.
  7904 | D:8      | Reached skill level 10 in Hexes
  8094 | D:8      | Reached skill level 12 in Stealth
  8094 | D:8      | Reached skill level 10 in Spellcasting
  8372 | D:8      | Noticed a five-headed hydra
  9272 | D:8      | Found a hide-covered altar of Uskayaw.
  9416 | D:8      | Reached XP level 10. HP: 33/44 MP: 22/25
  9869 | D:8      | Killed a five-headed hydra
  9870 | D:8      | Reached skill level 13 in Stealth
 10080 | D:9      | Reached skill level 1 in Fighting
 10279 | D:9      | Reached *** piety under Dithmenos
 10958 | D:9      | Found an iron altar of Okawaru.
 11059 | D:10     | Entered Level 10 of the Dungeon
 11176 | D:10     | Reached skill level 14 in Stealth
 11327 | D:10     | Noticed a gargoyle
 11348 | D:10     | Killed a gargoyle
 11407 | D:10     | Reached XP level 11. HP: 51/51 MP: 27/27
 11415 | D:10     | Reached skill level 5 in Dodging
 11510 | D:10     | Reached **** piety under Dithmenos
 11715 | D:10     | Found a sacrificial altar of Ru.
 12166 | D:11     | Found a radiant altar of Vehumet.
 12233 | D:11     | Noticed an oklob plant
 12242 | D:11     | Found a staircase to the Lair.
 12242 | D:11     | Noticed an oklob plant
 12246 | D:11     | Killed an oklob plant
 12262 | D:11     | Killed an oklob plant
 12285 | D:11     | Found a staircase to the Orcish Mines.
 12316 | D:11     | Noticed a centaur warrior
 12323 | D:11     | Killed a centaur warrior
 12328 | D:11     | Noticed Urug
 12345 | D:11     | Killed Urug
 12629 | D:11     | Noticed a two-headed ogre
 12636 | D:11     | Killed a two-headed ogre
 12806 | D:12     | Noticed a seven-headed hydra
 12809 | D:12     | Killed a seven-headed hydra
 12810 | D:12     | Reached skill level 5 in Short Blades
 12815 | D:12     | Noticed a death knight
 12816 | D:12     | Noticed a death knight
 13129 | D:12     | Noticed a soul eater
 13175 | D:12     | Reached skill level 15 in Stealth
 13449 | D:12     | Noticed a death knight
 13471 | D:12     | Killed a death knight
 13487 | D:12     | Killed a death knight
 13519 | D:12     | Noticed a death knight
 13527 | D:12     | Noticed a death knight
 13876 | D:12     | Slain by a death knight

Illustrated notes

Levels and vault maps discovered:
D:1:      grunt_arrival_crossed_arrows, layout_basic
D:2:      layout_basic, ebering_ecumenical_altar_box,
          chequers_serial_rivers_marsh
D:3:      layout_basic, nicolae_grassy_gnolls, uniq_crazy_yiuf_cottage
D:4:      layout_gridville, minmay_temple_entry_slanted
D:5:      layout_rooms, lemuel_doored_altar
D:6:      layout_rooms, nicolae_shop_self_help
D:7:      kb_forest_paths, layout_basic, mainiacjoe_overflow_paths
D:8:      layout_basic, lemuel_coloured_pillars_altar,
          gammafunk_temple_overflow_forgotten, minmay_three_doors
D:9:      layout_long_grid, mainiacjoe_overflow_alcove_2
D:10:     layout_stronghold, nicolae_ru_sacrificial_ziggurat,
          minmay_fractal_squares_diagonal_5
D:11:     layout_cross, dpeg_oklobed_lair, orc_0_dummy, fiery_altar_vehumet,
          uniq_urug
D:12:     cheibrodos_tormentor_scu, layout_basic
Temple:   dpeg_chambers_temple

Skill      XL: |  1  2  3  4  5  6  7  8  9 10 11 |
---------------+----------------------------------+-----
Spellcasting   | 3 4 5 6 7 8 10 11 12 | 12.4
Hexes          | 4 5 6 7 9 10 11 12 | 12.7
Stealth        | 5 6 8 10 12 14 15 | 15.2
Dodging        | 4 7 |  7.1
Fighting       | 2 4 |  4.1
Short Blades   | 3 5 |  5.5

Action                   |  1- 3 |  4- 6 |  7- 9 | 10-12 || total
-------------------------+-------+-------+-------+-------++-------
Melee: Dagger            |   125 |    75 |   136 |   202 ||   538
       Punch             |       |       |     2 |     3 ||     5
 Cast: Ensorcelled Hiber |     3 |    16 |    56 |    58 ||   133
       Tukima's Dance    |       |     3 |    22 |    25 ||    50
       Confusing Touch   |       |       |     7 |     8 ||    15
  Use: Potion            |     2 |     2 |     3 |     1 ||     8
       Scroll            |     8 |     5 |     6 |     8 ||    27
 Stab: Sleeping          |    20 |    17 |    51 |    42 ||   130
       Distracted        |     1 |     1 |     1 |     1 ||     4
       Invisible         |       |     4 |       |       ||     4
       Confused          |       |       |     3 |     6 ||     9
Armor: Robe              |    18 |     4 |    11 |       ||    33
       Steam dragon scal |       |       |     7 |    35 ||    42
Dodge: Dodged            |    96 |    56 |   126 |   253 ||   531

Table legend: (Time is in decaauts)
 A = Elapsed time spent in this place.
 B = Non-inter-level travel time spent in this place.
 C = Inter-level travel time spent in this place.
 D = Time resting spent in this place.
 E = Time spent auto-exploring this place.
 F = Levels seen in this place.
 G = Mean time per level.
                   A        B        C        D        E       F      G
               +--------+--------+--------+--------+--------+-----+--------+
         Total |  10815 |  10598 |    217 |   2310 |   6301 |  13 |  831.9 |
       Dungeon |  10758 |  10558 |    200 |   2310 |   6267 |  12 |  896.5 |
        Temple |     56 |     40 |     16 |      0 |     33 |   1 |   56.0 |
               +--------+--------+--------+--------+--------+-----+--------+

Top non-repeatable levels by time:
     D:8: 1862 daAuts
     D:4: 1115 daAuts
     D:5: 1055 daAuts
     D:1: 1010 daAuts
     D:7: 855 daAuts
     D:9: 819 daAuts
    D:11: 756 daAuts
    D:10: 745 daAuts
    D:12: 714 daAuts
     D:3: 665 daAuts
     D:2: 616 daAuts
     D:6: 540 daAuts
  Temple: 56 daAuts
